[Event "*** Titled Tuesday Blitz"]
[Site "Chess.com"]
[Date "2020.05.12"]
[Round "5"]
[White "Radzio1987"]
[Black "StephenDedalus83"]
[Result "1/2-1/2"]
[WhiteElo "2876"]
[BlackElo "2733"]
[TimeControl "180+1"]
[EndTime "10:54:53 PDT"]
[Termination "Game drawn by repetition"]

1. c4 g6 2. d4 Bg7 3. g3 d6 4. Nf3 Nd7 5. Nc3 e5 6. Bg2 Ne7 7. e4 exd4 8. Nxd4 O-O 9. Be3 Nc6 10. f4 Nxd4 11. Bxd4 Bxd4 12. Qxd4 Nc5 13. O-O Ne6 14. Qe3 Ng7 15. Rad1 Be6 16. c5 Qe7 17. cxd6 cxd6 18. Qd4 Rfd8 19. Rde1 Qc7 20. Kh1 Qc5 21. Qf6 Ne8 22. Qe7 Qc7 23. Qh4 Bc4 24. Rf2 f6 25. Rd2 Qf7 26. Red1 Bxa2 27. Nxa2 Qxa2 28. e5 Kg7 29.
exd6 Rd7 30. Bd5 Qa5 31. Be6 Rxd6 32. Rxd6 Nxd6 33. Rxd6 Qe1+ 34. Kg2 Qe2+ 35. Kg1 Qe1+ 36. Kg2 Qe2+ 37. Kg1 Qe1+ 38. Kg2 1/2-1/2

[Event "*** Titled Tuesday Blitz"]
[Site "Chess.com"]
[Date "2020.05.12"]
[Round "5"]
[White "Philos_85"]
[Black "AsaHoffmann"]
[Result "1/2-1/2"]
[WhiteElo "2236"]
[BlackElo "2387"]
[TimeControl "180+1"]
[EndTime "10:54:53 PDT"]
[Termination "Game drawn by agreement"]

1. d4 Nf6 2. Nf3 d6 3. Bg5 Nbd7 4. Nbd2 e5 5. c3 Be7 6. e4 c6 7. Be2 Qc7 8. a4 O-O 9. O-O Re8 10. Qc2 Bf8 11. Rfe1 b6 12. dxe5 dxe5 13. Nc4 h6 14. Bh4 g5 15. Bg3 Nh5 16. b4 Bg7 17. Red1 Nf4 18. Bf1 Nf8 19. Nd6 Rd8 20. Nxc8 Raxc8 21. Rxd8 Rxd8 22. Rd1 N8e6 23. Bc4 Kf8 24. h4 Bf6 25.
hxg5 hxg5 26. Nh2 Rxd1+ 27. Qxd1 Qd8 28. Qxd8+ Bxd8 29. Ng4 f6 30. f3 Be7 31. Bf2 c5 32. b5 Kg7 33. Ne3 Nd8 34. Nf5+ Kf8 35. Be3 Ng6 36. g3 Nb7 37. Kg2 Nd6 38. Nxd6 Bxd6 39.
Kh3 Ke7 40. Kg4 Nf8 41. Kh5 Bc7 42. Kh6 Bd6 43. Kg7 Ne6+ 44. Bxe6 Kxe6 45. c4 1/2-1/2

[Event "*** Titled Tuesday Blitz"]
[Site "Chess.com"]
[Date "2020.05.12"]
[Round "5"]
[White "Grineva_Marianna"]
[Black "slowdgehammer"]
[Result "0-1"]
[WhiteElo "2118"]
[BlackElo "2382"]
[TimeControl "180+1"]
[EndTime "10:54:54 PDT"]
[Termination "slowdgehammer won by resignation"]

1. d4 Nf6 2. c4 g6 3. Nc3 Bg7 4.
e4 d6 5. f3 O-O 6. Bg5 c5 7.
d5 e6 8. Nge2 exd5 9. Nxd5 Be6 10.
Nec3 Nc6 11. Bd3 h6 12. Be3 Bxd5 13. cxd5 Ne5 14. O-O c4 15. Be2 Rc8 16. Bd4 Re8 17. Kh1 a6 18. Qd2 b5 19. a3 h5 20. Rad1 Qe7 21.
Qf4 Nfd7 22. Rfe1 Nc5 23. Qg3 h4 24. Qh3 Ncd3 25. Bxd3 Nxd3 26. Rxd3 cxd3 27. Be3 Qb7 28. Rd1 b4 29. axb4 Qxb4 30. Rxd3 Qxb2 31. Nd1 Qe2 32. Rd2 Qe1+ 33. Bg1 Qxd2 34. Nf2 Rc1 35. g4 Qxf2 0-1

[Event "*** Titled Tuesday Blitz"]
[Site "Chess.com"]
[Date "2020.05.12"]
[Round "5"]
[White "mikolka1985"]
[Black "swimmerchess"]
[Result "0-1"]
[WhiteElo "2631"]
[BlackElo "2841"]
[TimeControl "180+1"]
[EndTime "10:54:55 PDT"]
[Termination "swimmerchess won on time"]

1. d4 Nf6 2. c4 g6 3. g3 Bg7 4. Bg2 O-O 5. Nc3 d6 6. Nf3 Nbd7 7. O-O e5 8. e4 c6 9. b3 Re8 10. h3 a6 11. d5 cxd5 12. cxd5 b5 13. Ne1 Bb7 14.
Nd3 Rc8 15. Bd2 Qb6 16. a4 Qd4 17. Qe2 Rxc3 18. Bxc3 Qxc3 19. Rfc1 Qxb3 20. a5 Bh6 21. Rc7 Rb8 22. h4 Bc8 23. Bh3 Ne8 24. Rxc8 Rxc8 25.
Bxd7 Rc2 26. Qf3 Qc3 27. Bxe8 Qxa1+ 28. Kg2 Rc7 29. Nb4 Qc3 30. Nxa6 Qxf3+ 31. Kxf3 Rc3+ 32. Ke2 Ra3 33. Bxb5 Rxa5 34. Bd3 Kf8 0-1

[Event "*** Titled Tuesday Blitz"]
[Site "Chess.com"]
[Date "2020.05.12"]
[Round "5"]
[White "Boninknights"]
[Black "DrVitman"]
[Result "0-1"]
[WhiteElo "2251"]
[BlackElo "2554"]
[TimeControl "180+1"]
[EndTime "10:54:55 PDT"]
[Termination "DrVitman won by resignation"]

1. d4 Nf6 2. Nf3 g6 3. c4 Bg7 4. Nc3 d5 5. Bg5 Ne4 6. cxd5 Nxg5 7. Nxg5 e6 8. Qd2 h6 9. Nh3 exd5 10. Qe3+ Kf8 11. Nf4 c6 12. Qf3 Kg8 13. e3 Qe7 14.
O-O-O a5 15. Bd3 a4 16. g4 a3 17. b3 Na6 18. h4 Nb4 19. Bb1 b6 20. h5 g5 21. Nd3 Be6 22. Ne5 Rc8 23. Bf5 c5 24.
Kb1 cxd4 25. exd4 Bxf5+ 26. Qxf5 Rxc3 27. Rc1 Rxc1+ 28. Rxc1 Bxe5 29. dxe5 Kg7 30. f4 gxf4 31. Qxf4 Nd3 0-1

[Event "*** Titled Tuesday Blitz"]
[Site "Chess.com"]
[Date "2020.05.12"]
[Round "5"]
[White "scabies1"]
[Black "Mikedannnn"]
[Result "0-1"]
[WhiteElo "2237"]
[BlackElo "2469"]
[TimeControl "180+1"]
[EndTime "10:54:56 PDT"]
[Termination "Mikedannnn won on time"]

1. e4 c5 2. Nf3 e6 3. d4 cxd4 4. Nxd4 Nc6 5. Nc3 Qc7 6. Be3 a6 7. f3 b5 8. Qd2 Bb7 9. O-O-O Nf6 10. g4 h6 11. h4 b4 12. Nce2 Ne5 13. Ng3 Nxf3 14. Nxf3 Qxg3 15. g5 hxg5 16. Nxg5 Qc7 17. Bg2 Rc8 18. Bf4 e5 19. Be3 Bc5 20. Bxc5 Qxc5 21. h5 Rd8 22. h6 Rxh6 23. Rxh6 gxh6 24. Nh3 Ng4 25. Kb1 d5 26. Qe2 Ne3 27. Re1 d4 28. Qh5 Qxc2+ 29. Ka1 Qc5 30. Qxh6 Nc2+ 31. Kb1 Nxe1 32. Qh8+ Kd7 0-1

[Event "*** Titled Tuesday Blitz"]
[Site "Chess.com"]
[Date "2020.05.12"]
[Round "5"]
[White "MariaFominykh"]
[Black "Srisshhhtea"]
[Result "1/2-1/2"]
[WhiteElo "2362"]
[BlackElo "2126"]
[TimeControl "180+1"]
[EndTime "10:54:56 PDT"]
[Termination "Game drawn by repetition"]

1. d4 Nf6 2. c4 e6 3. Nf3 b6 4. g3 Bb7 5. Bg2 Bb4+ 6. Bd2 Qe7 7.
O-O Bxd2 8. Nbxd2 O-O 9. Qc2 d6 10. e4 Nbd7 11. b4 e5 12. d5 a5 13. a3 g6 14. Rab1 axb4 15. axb4 Nh5 16. Ne1 Ng7 17. Nd3 f5 18. f4 Ra3 19. Ra1 Rfa8 20. Qb2 Rxd3 21. Rxa8+ Bxa8 22. Ra1 Qe8 23. Qc2 Rd4 24. Nb3 fxe4 25. Nxd4 exd4 26. Qxe4 Qd8 27. Bh3 Nf6 28. Qxd4 Bb7 29. Ra7 Qb8 30. Rxb7 Qxb7 31. Qxf6 Qa8 32. Be6+ Nxe6 33. Qxe6+ Kh8 34. Qf6+ Kg8 35. Qe6+ Kh8 36. Qf6+ Kg8 37. Qe7 Qa1+ 38. Kg2 Qa2+ 39. Kh3 Qxc4 40.
Qe8+ Kg7 41. Qe7+ Kg8 42. Qe8+ Kg7 43. Qe7+ Kg8 1/2-1/2

[Event "*** Titled Tuesday Blitz"]
[Site "Chess.com"]
[Date "2020.05.12"]
[Round "5"]
[White "ketster"]
[Black "MoreChessJulia"]
[Result "1-0"]
[WhiteElo "2281"]
[BlackElo "1787"]
[TimeControl "180+1"]
[EndTime "10:54:56 PDT"]
[Termination "ketster won by resignation"]

1. d4 c6 2. c4 d6 3. Nc3 Nf6 4. e4 a6 5. Nf3 Bg4 6. Be2 Bxf3 7. Bxf3 Nbd7 8. O-O e5 9. Be3 Be7 10. Qc2 b5 11. cxb5 axb5 12. a3 O-O 13. Rad1 Qc7 14.
Ne2 Rfc8 15. Ng3 Bf8 16. Be2 c5 17. dxe5 Nxe5 18. h3 Rcb8 19. f4 Ned7 20. Bf3 Ra7 21.
Nf5 b4 22. axb4 Rxb4 23. Bd2 Rb6 24. Bc3 g6 25. Ne3 Bg7 26. Nc4 Ne8 27. Nxb6 Qxb6 28. Kh1 Bh6 29. Be2 Nf8 30. Bc4 Ne6 31. f5 Nd4 32. Qf2 Bg7 33. fxg6 1-0

[Event "*** Titled Tuesday Blitz"]
[Site "Chess.com"]
[Date "2020.05.12"]
[Round "5"]
[White "m-garcett"]
[Black "VladimirBugayev"]
[Result "0-1"]
[WhiteElo "1981"]
[BlackElo "2154"]
[TimeControl "180+1"]
[EndTime "10:54:57 PDT"]
[Termination "VladimirBugayev won by checkmate"]

1. e4 c6 2. c4 d5 3. cxd5 cxd5 4. exd5 Nf6 5. Nc3 g6 6. Nf3 Bg7 7. d4 O-O 8. Bc4 Nbd7 9. a3 a6 10. O-O b5 11. Bb3 Bb7 12. Re1 Nb6 13. Ne5 Nfxd5 14. Qg4 e6 15. Bg5 Qe8 16. Rad1 f6 17. Nf3 fxg5 18. Rxe6 Qd8 19. Nxg5 Rf5 20. Nxh7 Nf4 21. Re8+ Kxh7 22. Rxd8 Rxd8 23. Qh4+ Rh5 24. Qxd8 Bxg2 25. Qxb6 Rg5 26. f3 Nh3# 0-1

[Event "*** Titled Tuesday Blitz"]
[Site "Chess.com"]
[Date "2020.05.12"]
[Round "5"]
[White "zmarian"]
[Black "chesstatour"]
[Result "1-0"]
[WhiteElo "2142"]
[BlackElo "1922"]
[TimeControl "180+1"]
[EndTime "10:54:58 PDT"]
[Termination "zmarian won on time"]

1. g3 g6 2. Bg2 Bg7 3. Nf3 Nf6 4.
O-O O-O 5. c4 c5 6. d4 cxd4 7.
Nxd4 Nc6 8. Nc3 Nxd4 9. Qxd4 d6 10. Qd3 Bf5 11. e4 Be6 12. Rb1 Rc8 13. b3 a6 14. Bb2 Qa5 15. Rfd1 Qh5 16. Nd5 Nxd5 17. cxd5 Bh3 18. Bxg7 Kxg7 19. Rdc1 Bxg2 20. Kxg2 Qe5 21. h3 Rc5 22. Rc2 Rfc8 23. Rbc1 f5 24. Rxc5 dxc5 25.
exf5 Qxf5 26. Qxf5 gxf5 27. Kf3 b6 28. Kf4 Kf6 29.
Rd1 c4 30. bxc4 Rxc4+ 31. Kf3 Rc3+ 32. Kg2 Rc2 33. d6 exd6 34. Rxd6+ Ke5 35. Rxb6 Rxa2 36. Rh6 a5 37. Rxh7 a4 38. Ra7 a3 39. h4 Kf6 40.
Ra6+ Ke5 41. h5 Ra1 42. h6 a2 43. h7 1-0

[Event "*** Titled Tuesday Blitz"]
[Site "Chess.com"]
[Date "2020.05.12"]
[Round "5"]
[White "WeAintSurePal"]
[Black "nonsopolo1"]
[Result "1-0"]
[WhiteElo "2347"]
[BlackElo "2177"]
[TimeControl "180+1"]
[EndTime "10:54:59 PDT"]
[Termination "WeAintSurePal won by checkmate"]

1. d4 Nf6 2. Nf3 d5 3. Bf4 e6 4. e3 Bd6 5. Bg3 O-O 6. c3 c6 7. Nbd2 Re8 8. Bd3 c5 9. Qe2 Nc6 10. Ne5 Ne7 11. Ndf3 b6 12. Ng5 Rf8 13. O-O h6 14.
Ngf3 Bb7 15. a4 a6 16. Rab1 Ne4 17. Rfc1 f6 18. Ng4 h5 19. Nh6+ gxh6 20. Nh4 Bxg3 21. hxg3 Qe8 22. c4 Nf5 23. cxd5 Bxd5 24. dxc5 bxc5 25. Qc2 Nxh4 26. Bxe4 Bxe4 27. Qxe4 Nf5 28. Rxc5 Rc8 29. Rbc1 Rxc5 30. Rxc5 Qe7 31. Rxf5 Rb8 32.
Rxh5 Kg7 33. Rh4 Rxb2 34. Rg4+ Kf8 35. Qa8+ Kf7 36. Qg8# 1-0

[Event "*** Titled Tuesday Blitz"]
[Site "Chess.com"]
[Date "2020.05.12"]
[Round "5"]
[White "Mikhail_Biryukov"]
[Black "elisak43"]
[Result "1-0"]
[WhiteElo "2650"]
[BlackElo "2420"]
[TimeControl "180+1"]
[EndTime "10:55:00 PDT"]
[Termination "Mikhail_Biryukov won on time"]

1. e4 e5 2. Nf3 Nc6 3. d4 exd4 4. Nxd4 Bc5 5. Nb3 Bb6 6. Nc3 d6 7. Nd5 Nge7 8. Bg5 O-O 9. Bc4 Be6 10. Qd3 Bxd5 11.
Bxd5 Nb4 12. Qd2 Nbxd5 13. exd5 Qd7 14. O-O Rfe8 15. a4 a6 16. a5 Ba7 17. Rfe1 Ng6 18.
Nd4 Qg4 19. Nf3 h6 20. h3 Qf5 21. Be3 Bxe3 22. fxe3 Ne5 23. Rf1 Nc4 24. Qc3 Nxe3 25. Rf2 Nxd5 26. Qb3 Nf6 27. Qxb7 Qd7 28. Qb4 Rab8 29.
Qc4 Rb5 30. b3 c6 31. Nd4 Rc5 32. Qxa6 Ne4 33. Re2 Nc3 34. Rxe8+ Qxe8 35. Qd3 Qe5 36. a6 Nb5 37. a7 Nxa7 38. Rxa7 Qe1+ 39. Kh2 Qe5+ 40.
g3 Rd5 41. Ra8+ 1-0

[Event "*** Titled Tuesday Blitz"]
[Site "Chess.com"]
[Date "2020.05.12"]
[Round "5"]
[White "Ekka83"]
[Black "ZverevLev"]
[Result "0-1"]
[WhiteElo "2345"]
[BlackElo "2117"]
[TimeControl "180+1"]
[EndTime "10:55:00 PDT"]
[Termination "ZverevLev won on time"]

1. e4 c6 2. d4 d5 3. e5 Bf5 4. Bd3 Bxd3 5. Qxd3 e6 6. Ne2 Qd7 7. O-O c5 8. c3 Nc6 9. a3 Nge7 10. b4 c4 11. Qc2 a6 12. a4 g6 13. Bg5 Bg7 14. Nd2 O-O 15. Bf6 b5 16. Bxg7 Kxg7 17.
Rfe1 Rfb8 18. a5 Rf8 19. Nf1 Qc7 20. Neg3 f5 21. exf6+ Rxf6 22. Ne3 h5 23. Re2 Raf8 24.
Rae1 Qd6 25. f3 e5 26. dxe5 Nxe5 27. Ng4 hxg4 28. Rxe5 Nc6 29. Rg5 gxf3 30. Nh5+ Kh6 31. Qd2 f2+ 0-1

[Event "*** Titled Tuesday Blitz"]
[Site "Chess.com"]
[Date "2020.05.12"]
[Round "5"]
[White "GelmanAlexander"]
[Black "OK97"]
[Result "1-0"]
[WhiteElo "2569"]
[BlackElo "2756"]
[TimeControl "180+1"]
[EndTime "10:55:02 PDT"]
[Termination "GelmanAlexander won by resignation"]

1. c4 e5 2. e3 Nf6 3. a3 c6 4.
d4 exd4 5. exd4 d5 6. Nf3 Be7 7. h3 O-O 8. Bd3 Nbd7 9. O-O dxc4 10. Bxc4 Nb6 11. Bb3 h6 12. Nc3 Bf5 13. Re1 Nbd5 14.
Ne5 Be6 15. Bc2 Qb6 16. Qd3 Rfd8 17. Ng4 Nxc3 18. bxc3 Qb5 19. Nxf6+ Bxf6 20. Qh7+ Kf8 21. a4 Qc4 22. Rb1 b6 23. Bb3 Qxc3 24. Ba3+ Ke8 25. Bxe6 fxe6 26. Qg8+ Kd7 27. Qxe6+ Kc7 28. Rec1 Qxa3 29.
Qxc6+ 1-0

[Event "*** Titled Tuesday Blitz"]
[Site "Chess.com"]
[Date "2020.05.12"]
[Round "5"]
[White "stoleriu"]
[Black "WIDBIFS"]
[Result "0-1"]
[WhiteElo "2561"]
[BlackElo "2734"]
[TimeControl "180+1"]
[EndTime "10:55:02 PDT"]
[Termination "WIDBIFS won by resignation"]

1. e4 g6 2. d4 Bg7 3. Nc3 c6 4. Be3 d5 5. e5 f6 6. f4 Nh6 7. Nf3 O-O 8. Bd3 Bg4 9. O-O Nd7 10. Ne2 e6 11. exf6 Nxf6 12. Ne5 Bf5 13. Ng3 Bxd3 14. Qxd3 Nf5 15. Ne2 Ne4 16. g4 Nfd6 17. c4 Qh4 18. cxd5 exd5 19. g5 Qh3 20. Rf3 Qe6 21. Raf1 Nf5 22.
Bc1 Rae8 23. Kh1 Nh4 24. Re3 Bxe5 25. dxe5 Qxe5 26. fxe5 Rxf1+ 0-1

[Event "*** Titled Tuesday Blitz"]
[Site "Chess.com"]
[Date "2020.05.12"]
[Round "5"]
[White "MPGM"]
[Black "kinga2008"]
[Result "1-0"]
[WhiteElo "2538"]
[BlackElo "2226"]
[TimeControl "180+1"]
[EndTime "10:55:02 PDT"]
[Termination "MPGM won by resignation"]

1. d4 g6 2. e4 Bg7 3. Nc3 d6 4. Be3 Nf6 5. f3 O-O 6. Qd2 Nbd7 7. O-O-O a6 8. h4 h5 9. Nh3 b5 10. Ng5 Bb7 11. Kb1 c5 12. d5 b4 13. Ne2 Ne5 14.
Nf4 a5 15. Be2 Ba6 16. Bxa6 Rxa6 17. g4 Nc4 18. Qe2 Nxe3 19. Qxe3 c4 20. gxh5 Nxh5 21.
Nxh5 gxh5 22. Rhg1 Qb6 23. Qd2 c3 24. Qg2 b3 25. axb3 Kh8 26. Ne6 Rg8 27. Nxg7 Qe3 28. Nf5 Rxg2 29. Nxe3 Rh2 30. bxc3 Rxh4 31. Rd4 Rh3 32.
Rc4 Rxf3 33. Rc8+ Kh7 34. Nf5 1-0

[Event "*** Titled Tuesday Blitz"]
[Site "Chess.com"]
[Date "2020.05.12"]
[Round "5"]
[White "ajdemipopushi"]
[Black "Sunnika"]
[Result "1-0"]
[WhiteElo "2211"]
[BlackElo "2296"]
[TimeControl "180+1"]
[EndTime "10:55:02 PDT"]
[Termination "ajdemipopushi won by resignation"]

1. Nf3 d5 2. g3 e6 3. c4 Nf6 4. Bg2 Be7 5. O-O O-O 6. d4 c5 7. cxd5 exd5 8. Nc3 Nc6 9. dxc5 Bxc5 10. Bg5 d4 11. Ne4 Be7 12. Bxf6 Bxf6 13. Ne1 Bf5 14. Nd3 Re8 15. Ndc5 b6 16. Nb7 Qd7 17. Ned6 Be5 18. Nxe8 Rxe8 19. Qa4 Re6 20. Rac1 Qxb7 21. Rxc6 Re8 22.
Rxb6 Qe7 23. Rb7 Qe6 24. Bd5 Qe7 25. Rxe7 Rxe7 26. Qa5 Re8 27. Bc6 Rc8 28. Qxe5 Bg6 29. Bd7 Rd8 30. Qe7 Ra8 31. Rc1 h6 32. Rc8+ Rxc8 33. Bxc8 Kh7 34. Qd6 h5 35. Qxd4 Kh6 36.
e4 Kh7 37. f4 Kh6 38. f5 1-0

[Event "*** Titled Tuesday Blitz"]
[Site "Chess.com"]
[Date "2020.05.12"]
[Round "5"]
[White "vovachesss"]
[Black "Future2700"]
[Result "1-0"]
[WhiteElo "2627"]
[BlackElo "2415"]
[TimeControl "180+1"]
[EndTime "10:55:03 PDT"]
[Termination "vovachesss won by checkmate"]

1. d4 Nf6 2. Nc3 d5 3. Bf4 Bf5 4. f3 e6 5. g4 Bg6 6. h4 h5 7. g5 Nfd7 8. e3 Bd6 9. Nh3 e5 10. dxe5 Nxe5 11. Qxd5 c6 12. Qd1 Qe7 13. Be2 Bf5 14.
Qd2 O-O 15. O-O-O Bc7 16. e4 Bxh3 17. Rxh3 Nbd7 18. Bg3 Rfd8 19. Qe1 Qe6 20. Rh1 Bb6 21. f4 Be3+ 22. Kb1 b5 23. fxe5 Nb6 24. Bxb5 Bd4 25. Bd3 Rab8 26. Bf2 Bxc3 27. Qxc3 Na4 28. Qc4 Rxb2+ 29.
Kc1 Qxe5 30. Qxa4 Rdb8 31. Qd4 Qf4+ 32. Qe3 Qe5 33. Qd4 Qa5 34. Qxb2 Rxb2 35. Kxb2 Qb4+ 36. Kc1 Qa3+ 37. Kd2 Qb4+ 38. Ke2 Qd6 39. Rb1 g6 40. Rhd1 Qf4 41. Rb7 Qg4+ 42. Kd2 Qf4+ 43. Be3 Qh2+ 44. Kc3 Qe5+ 45. Bd4 Qa5+ 46. Kb2 Qa4 47. Rb8+ Kh7 48.
Rh8# 1-0

[Event "*** Titled Tuesday Blitz"]
[Site "Chess.com"]
[Date "2020.05.12"]
[Round "5"]
[White "2nd_life"]
[Black "IMinTheWings"]
[Result "1-0"]
[WhiteElo "2410"]
[BlackElo "2203"]
[TimeControl "180+1"]
[EndTime "10:55:04 PDT"]
[Termination "2nd_life won by checkmate"]

1. e4 g6 2. d4 Bg7 3. Nf3 c6 4. Nc3 d5 5. h3 dxe4 6. Nxe4 Nf6 7. Nxf6+ exf6 8. Bc4 O-O 9. O-O Nd7 10. Bf4 Nb6 11. Bb3 a5 12. a4 Nd5 13. Bg3 Be6 14.
Re1 Qd7 15. c3 Rad8 16. Ba2 h6 17. Nd2 f5 18. Be5 f6 19. Bh2 f4 20. Bxd5 Bxd5 21.
Bxf4 c5 22. dxc5 g5 23. Bd6 Rf7 24. Nf3 Bc6 25. Nd4 b6 26. cxb6 Bxg2 27. Kxg2 Qxd6 28.
Nf5 Qxb6 29. Qf3 Qxb2 30. Rad1 Rb8 31. Nd6 Rff8 32. Re7 Rb7 33. Rxb7 Qa3 34. Nf5 Rf7 35. Rxf7 Kxf7 36. Rd7+ Kg6 37. Rxg7# 1-0

[Event "*** Titled Tuesday Blitz"]
[Site "Chess.com"]
[Date "2020.05.12"]
[Round "5"]
[White "Juanovic"]
[Black "FM_VS99"]
[Result "1-0"]
[WhiteElo "2191"]
[BlackElo "2368"]
[TimeControl "180+1"]
[EndTime "10:55:04 PDT"]
[Termination "Juanovic won by resignation"]

1. e4 g6 2. d4 Bg7 3. Nf3 d6 4.
c4 e5 5. dxe5 dxe5 6. Qxd8+ Kxd8 7. Nc3 Nc6 8. Be3 Nd4 9. O-O-O c5 10. Bxd4 exd4 11. Nd5 Ne7 12. Bd3 Nxd5 13. exd5 Bg4 14. Rhe1 Kd7 15. Re4 Bxf3 16. gxf3 Rhe8 17. Rde1 f5 18. Re6 Bh6+ 19. Kc2 Bf4 20. h3 Rxe6 21. Rxe6 Re8 22. Rxe8 Kxe8 23. Kb3 Bd2 24. Ka4 a6 25. a3 Be1 26. b4 cxb4 27. axb4 Kd7 28. c5 Bxf2 29. b5 axb5+ 30. Kxb5 Be1 31. Kb6 Bb4 32.
Kb5 Ba3 33. Kc4 Bb2 34. Bc2 Kc7 35. Ba4 d3 36. Kxd3 Be5 37. Kc4 g5 38. Bc2 b6 39.
d6+ Kc6 40. Ba4+ Kb7 41. c6+ Kc8 42. Kd5 Bf6 43. Bc2 b5 44. Bxf5+ 1-0

[Event "*** Titled Tuesday Blitz"]
[Site "Chess.com"]
[Date "2020.05.12"]
[Round "5"]
[White "Aradej"]
[Black "mfwagnerpeixoto"]
[Result "1-0"]
[WhiteElo "2498"]
[BlackElo "2249"]
[TimeControl "180+1"]
[EndTime "10:55:04 PDT"]
[Termination "Aradej won by resignation"]

1. e4 c5 2. Nf3 d6 3. Bb5+ Nd7 4. O-O a6 5. Bd3 e6 6. c3 Ngf6 7. Bc2 Be7 8. d4 cxd4 9. cxd4 d5 10. e5 Ne4 11. Nbd2 Nxd2 12. Bxd2 O-O 13. Rc1 b6 14.
Bb1 Bb7 15. a3 Re8 16. Be3 Nf8 17. g3 Rc8 18. Qb3 Rc4 19. Nd2 b5 20. Qd3 Ng6 21. h4 Bxh4 22. gxh4 Qxh4 23. Qe2 Nxe5 24. f3 Rxc1 25.
Rxc1 Nc4 26. Kg2 h6 27. Rh1 Qf6 28. f4 Rc8 29. Nf3 Nd6 30. Ne5 Nf5 31. Bf2 Rc4 32. Bxf5 Qxf5 33. Qe3 Rc2 34. Rh3 Rxb2 35. Rg3 f6 36. Nd7 Kf7 37. Nc5 Bc6 38. Qc3 Rc2 39. Qa5 e5 40. Qc7+ Kf8 41. Qxc6 Rxf2+ 42. Kxf2 Qxf4+ 43.
Kg2 Qd2+ 44. Kh3 Qxd4 45. Qc8+ 1-0

[Event "*** Titled Tuesday Blitz"]
[Site "Chess.com"]
[Date "2020.05.12"]
[Round "5"]
[White "alexwinter25"]
[Black "H3nriqueTV"]
[Result "1-0"]
[WhiteElo "2349"]
[BlackElo "2183"]
[TimeControl "180+1"]
[EndTime "10:55:04 PDT"]
[Termination "alexwinter25 won by checkmate"]

1. e4 c5 2. Nf3 b6 3. d4 cxd4 4. c3 Bb7 5. Bc4 e6 6. e5 d5 7. exd6 Bxd6 8. cxd4 Nf6 9. O-O h6 10. Nc3 O-O 11. Qe2 a6 12. Rd1 Qc7 13. Ne5 b5 14. Bb3 Nc6 15. Bf4 Rfd8 16. Bg3 Qb6 17. Nxf7 Nxd4 18.
Rxd4 Qxd4 19. Nxd8 Rxd8 20. Qxe6+ Kh8 21. Rd1 Qg4 22.
Rxd6 Re8 23. h3 Qg6 24. Qf7 Qg5 25. Rxf6 Re1+ 26. Kh2 Qxf6 27. Qg8# 1-0

[Event "*** Titled Tuesday Blitz"]
[Site "Chess.com"]
[Date "2020.05.12"]
[Round "5"]
[White "WiktoriaPOL"]
[Black "madalin18"]
[Result "0-1"]
[WhiteElo "2008"]
[BlackElo "2184"]
[TimeControl "180+1"]
[EndTime "10:55:04 PDT"]
[Termination "madalin18 won by resignation"]

1. c4 Nf6 2. Nc3 g6 3. g3 Bg7 4. Bg2 O-O 5. e4 d6 6. Nge2 c6 7. O-O e5 8. d3 Be6 9. h3 Qd7 10. Kh2 d5 11. cxd5 cxd5 12. f4 d4 13. fxe5 Nh5 14. Nd5 Bxe5 15. Nef4 Nxf4 16. gxf4 Bxd5 17. fxe5 Be6 18. Qf3 Nc6 19. Bh6 Qe7 20. Bxf8 Rxf8 21.
Qf6 Qc7 22. Rac1 Qb8 23. h4 Nxe5 24. Kg1 Ng4 25. Qf4 Qd8 26. Qg3 Ne3 27. Rf2 Qa5 28. a3 Rc8 29. Rxc8+ Bxc8 30. h5 Qe1+ 31. Bf1 Nxf1 32.
Qf4 Ne3+ 33. Kh2 Ng4+ 34. Kg3 Qxf2+ 35. Qxf2 Nxf2 36. Kxf2 gxh5 0-1

[Event "*** Titled Tuesday Blitz"]
[Site "Chess.com"]
[Date "2020.05.12"]
[Round "5"]
[White "XiaoKangZhong"]
[Black "Trankuilizer"]
[Result "1/2-1/2"]
[WhiteElo "2410"]
[BlackElo "2549"]
[TimeControl "180+1"]
[EndTime "10:55:05 PDT"]
[Termination "Game drawn - insufficient material"]

1. e4 e5 2. Nf3 Nc6 3. Bc4 Bc5 4. c3 Nf6 5. d3 O-O 6. O-O d5 7. exd5 Nxd5 8. Nbd2 Nb6 9. Ne4 Nxc4 10. Nxc5 Nd6 11.
Qe2 Bg4 12. h3 Bh5 13. Ne4 Nxe4 14. Qxe4 Bg6 15. Qe3 Qxd3 16. Re1 Qxe3 17. Bxe3 Rad8 18. Rad1 f6 19. b4 a6 20. Bc5 Rfe8 21. a4 Bc2 22. Rxd8 Rxd8 23. b5 axb5 24. axb5 Na5 25. Bb4 Nc4 26. Ra1 Rd1+ 27. Rxd1 Bxd1 28. Ne1 Kf7 29. Kf1 Ke6 30. Nd3 b6 31. Ke1 Bc2 32. Nc1 g5 33. g4 Be4 34. Ne2 Bg2 35. Ng1 e4 36. Ke2 f5 37. gxf5+ Kxf5 38. Be7 h5 39.
Bd8 h4 40. Bxc7 g4 41. hxg4+ Kxg4 42. Bb8 h3 43. Bc7 Kf5 44. f3 Ne5 45. fxe4+ Kxe4 46. Kf2 Nc4 47. Kg3 Kd3 48. Nxh3 Bxh3 49. Kxh3 Kxc3 50. Bxb6 Nxb6 51. Kg4 Kb4 52. Kf4 Kxb5 1/2-1/2

[Event "*** Titled Tuesday Blitz"]
[Site "Chess.com"]
[Date "2020.05.12"]
[Round "5"]
[White "arminmusovic"]
[Black "Funo09"]
[Result "0-1"]
[WhiteElo "2559"]
[BlackElo "2729"]
[TimeControl "180+1"]
[EndTime "10:55:06 PDT"]
[Termination "Funo09 won by resignation"]

1. a3 e5 2. Nc3 Nf6 3. d4 Nc6 4. dxe5 Nxe5 5. Nf3 Nxf3+ 6. exf3 d5 7. Bd3 c6 8. O-O Be7 9. Re1 O-O 10. Bg5 h6 11.
Qe2 Be6 12. Bh4 Nd7 13. Bg3 Bf6 14. f4 Nc5 15. f5 Nxd3 16. Qxd3 Bd7 17. Be5 Re8 18. f4 Bxe5 19. fxe5 Qg5 20. f6 Rxe5 21. Rxe5 Qxe5 22. fxg7 Bf5 23. Qd2 Re8 24. Qxh6 Qxg7 25. Qd2 d4 26. Ne2 Be4 27. Ng3 Bg6 28. b4 d3 29. c3 Qe5 30. Kf2 Qf6+ 31. Kg1 b6 32. Rf1 Qe5 33. Kf2 c5 34. Re1 Qf6+ 35. Kg1 Rxe1+ 36.
Qxe1 Qf4 37. Qe8+ Kg7 38. Qe1 d2 39. Qe2 cxb4 40. axb4 a5 41. bxa5 bxa5 42. Nf1 a4 43. Qxd2 Qc4 44. Qd4+ Qxd4+ 45. cxd4 a3 46. Nd2 Bc2 0-1

[Event "*** Titled Tuesday Blitz"]
[Site "Chess.com"]
[Date "2020.05.12"]
[Round "5"]
[White "Jbd735"]
[Black "GMKrikor"]
[Result "0-1"]
[WhiteElo "2438"]
[BlackElo "2811"]
[TimeControl "180+1"]
[EndTime "10:55:06 PDT"]
[Termination "GMKrikor won on time"]

1. e4 c5 2. Nf3 g6 3. d4 cxd4 4. Nxd4 Nc6 5. c4 Nf6 6. Nc3 d6 7. Be2 Nxd4 8. Qxd4 Bg7 9. Qd1 O-O 10. O-O Be6 11.
Bd2 a5 12. Rc1 a4 13. Kh1 Qb8 14. f3 Qa7 15. Nd5 Bxd5 16. cxd5 Qb6 17. Bc3 Nd7 18. Qd2 Bxc3 19. Rxc3 Rfc8 20. Rfc1 Rxc3 21. Qxc3 Qf2 22. Qd2 h5 23. Rc7 Ne5 24. Rxb7 Rc8 25. h3 h4 26. Qd1 Qe3 0-1

[Event "*** Titled Tuesday Blitz"]
[Site "Chess.com"]
[Date "2020.05.12"]
[Round "5"]
[White "Usurpov"]
[Black "Richarzard69"]
[Result "0-1"]
[WhiteElo "2432"]
[BlackElo "2277"]
[TimeControl "180+1"]
[EndTime "10:55:06 PDT"]
[Termination "Richarzard69 won by checkmate"]

1. e4 e6 2. d4 d5 3. e5 c5 4.
c3 Qb6 5. Nf3 Bd7 6. a3 Bb5 7.
b4 cxd4 8. Bxb5+ Qxb5 9. cxd4 Nd7 10. Nc3 Qc6 11. Ne2 Nb6 12. O-O Ne7 13. Nf4 Nf5 14.
Be3 Nc4 15. Qe2 Be7 16. g4 Nfxe3 17. fxe3 O-O 18. Rf2 a5 19. bxa5 Rxa5 20. Qd3 Rfa8 21. Rfa2 Rxa3 22. Rxa3 Rxa3 23. Rxa3 Nxa3 24. h4 Qc1+ 25.
Kf2 Nc4 26. Ne2 Qh1 27. Kg3 Bb4 28. Qb3 Be1+ 29. Kf4 Bxh4 30. Qxb7 g5+ 31. Nxg5 Qh2+ 32. Kf3 Qf2# 0-1

[Event "*** Titled Tuesday Blitz"]
[Site "Chess.com"]
[Date "2020.05.12"]
[Round "5"]
[White "rst2003"]
[Black "szefru"]
[Result "1-0"]
[WhiteElo "2449"]
[BlackElo "2094"]
[TimeControl "180+1"]
[EndTime "10:55:06 PDT"]
[Termination "rst2003 won by checkmate"]

1. b3 d5 2. Bb2 c6 3. Nf3 Nf6 4. e3 e6 5. d4 Nbd7 6. c4 Be7 7. Nc3 O-O 8. Bd3 h6 9. O-O Re8 10. e4 dxe4 11. Nxe4 Nxe4 12. Bxe4 Nf6 13. Bc2 c5 14. Qd3 cxd4 15. Bxd4 b6 16. Rad1 Bb7 17. Qe2 Qc8 18.
Ne5 Rd8 19. Rfe1 Qc7 20. Nxf7 Kxf7 21. Qxe6+ Kf8 22. Bg6 Bd6 23. Bxf6 Bxh2+ 24. Kh1 gxf6 25. Rxd8+ Rxd8 26. Qxf6+ Kg8 27. Bf7+ Kh7 28. Qg6+ Kh8 29. Qxh6# 1-0